 Dungeon Crawl Stone Soup version 0.23.2-1-ga50397a6bc (webtiles) character file.

Game seed: 13663741086295499680

55 mario4981338 the Vexing (level 4, 0/25 HPs)
             Began as a Kobold Arcane Marksman on May 8, 2019.
             Slain by a ball python (2 damage)
             ... on level 2 of the Dungeon.
             The game lasted 00:10:20 (1175 turns).

mario4981338 the Vexing (Kobold Arcane Marksman)    Turns: 1175, Time: 00:10:21

Health: 0/25       AC:  2    Str:  7    XL:     4   Next: 14%
Magic:  0/5        EV: 15    Int: 20    God:
Gold:   57         SH:  0    Dex: 15    Spells: 1/5 levels left

rFire    . . .     SeeInvis .   a - +0 hand crossbow
rCold    . . .     Gourm    .   (shield restricted)
rNeg     . . .     Faith    .   c - +0 robe
rPois    .         Spirit   .   (no helmet)
rElec    .         Reflect  .   (no cloak)
rCorr    .         Harm     .   (no gloves)
MR       .....                  (no boots)
Stlth    ++........             (no amulet)
HPRegen  0.08/turn              (no ring)
MPRegen  0.09/turn              (no ring)

@: brilliant, portal projectile
A: small, carnivore
a: Cancel Portal Projectile


You were on level 2 of the Dungeon.
You were very full.

You visited 1 branch of the dungeon, and saw 2 of its levels.

You collected 57 gold pieces.

Inventory:

Hand Weapons
 a - a +0 hand crossbow (weapon)
 b - a +0 dagger
Missiles
 d - 20 bolts (quivered)
Armour
 c - a +0 robe (worn)
Scrolls
 e - a scroll of identify
 i - a scroll of remove curse
Potions
 g - a potion of mutation
Comestibles
 f - 4 rations
 k - a chunk of flesh


   Skills:
 + Level 1.4 Fighting
 + Level 3.4 Crossbows
 + Level 2.8 Dodging
 + Level 0.4 Stealth
 + Level 1.2 Spellcasting
 + Level 3.7 Hexes
 + Level 0.2 Translocations


You had one spell level left.
You knew the following spells:

 Your Spells              Type           Power        Failure   Level  Hunger
a - Corona                Hex            ####...      1%          1    ##.....
b - Portal Projectile     Hex/Tloc       ###...       2%          3    ####...

Your spell library contained the following spells:

 Spells                   Type           Power        Failure   Level  Hunger
 Slow                     Hex            ####....     1%          2    ###....
 Inner Flame              Hex/Fire       ###.....     3%          3    ####...
 Cause Fear               Hex            ####......   4%          4    #####..
 Leda's Liquefaction      Hex/Erth       ###.......   9%          4    #####..


Dungeon Overview and Level Annotations

Branches:
Dungeon (2/15)

Altars:
Nemelex Xobeh


Innate Abilities, Weirdness & Mutations

You are small and have problems with some larger weapons.
You are carnivorous and can eat meat at any time.


Message History

Press: ? - help, Shift-Dir - straight line, f/p - Terence
Aim: Terence, wielding a +0 hand axe and wearing a +0 chain mail (almost dead)
You shoot a bolt.
The bolt hits Terence but does no damage.
Terence is almost dead.
Terence barely misses you.
Firing (i - inventory)
d - 22 bolts (quivered)
Press: ? - help, Shift-Dir - straight line, f/p - Terence
Aim: Terence, wielding a +0 hand axe and wearing a +0 chain mail (almost dead)
You shoot a bolt. The bolt hits Terence.
You kill Terence!
You have reached level 4!
The ball python barely misses you. The ball python misses you.
Firing (i - inventory)
d - 21 bolts (quivered)
Press: ? - help, Shift-Dir - straight line, f - ball python
Aim: a ball python You magically shoot a bolt.
The bolt hits the ball python but does no damage.
The ball python bites you.
You die...

####################
#########..@S..(.....(......
#.......†.#######.#.........
#.######### ##...........
#.# ##..########## #.#
#.........# #.# ##..#####.#
#.# #..# #.# #.######## #..#
#.#### #........# #..#
#.....


You could see a ball python.

Vanquished Creatures
  Terence (D:2)
  An ooze (D:1)
  2 giant cockroaches
  A goblin (D:1)
  A hobgoblin (D:1)
  7 jackals
  A quokka (D:2)
  5 bats
  A frilled lizard (D:2)
  A kobold (D:2)
  2 rats (D:1)
23 creatures vanquished.

Notes
Turn   | Place    | Note
-------+----------+-------------------------------------------
     0 | D:1      | mario4981338 the Kobold Arcane Marksman began the quest for
                  | the Orb.
     0 | D:1      | Reached XP level 1. HP: 12/12 MP: 2/2
   129 | D:1      | Reached XP level 2. HP: 16/16 MP: 3/3
   791 | D:2      | Reached XP level 3. HP: 12/20 MP: 4/4
   922 | D:2      | Learned a level 3 spell: Portal Projectile
  1014 | D:2      | Found a sparkling altar of Nemelex Xobeh.
  1134 | D:2      | Noticed Terence
  1171 | D:2      | HP: 1/20 [Terence/+0 hand axe (5)]
  1174 | D:2      | Killed Terence
  1174 | D:2      | Reached XP level 4. HP: 2/25 MP: 0/5
  1175 | D:2      | Slain by a ball python

Skill      XL: |  1  2  3 |
---------------+----------+-----
Crossbows      | 3 |  3.4
Fighting       | |  1.4
Dodging        | |  2.8
Stealth        | |  0.4
Spellcasting   | |  1.2
Hexes          | |  3.7
Translocations | |  0.2

Action                   |  1- 3 |  4- 6 || total
-------------------------+-------+-------++-------
 Fire: Hand crossbow     |    70 |     1 ||    71
 Cast: Corona            |     3 |       ||     3
       Portal Projectile |     3 |       ||     3
  Use: Potion            |     4 |       ||     4
       Scroll            |     2 |       ||     2
  Eat: Chunk             |     9 |       ||     9
Armor: Robe              |     7 |       ||     7
Dodge: Dodged            |    43 |     2 ||    45
